 Dungeon Crawl Stone Soup version 0.23.2-1-ga50397a (webtiles) character file.

Game seed: 15469926405788589332

771 davaitedunem the Basher (level 7, -3/85 HPs)
             Began as a Minotaur Berserker on May 16, 2019.
             Was a Priest of Trog.
             Killed from afar by an orc wizard (10 damage)
             ... with a puff of flame
             ... on level 5 of the Dungeon.
             The game lasted 00:09:25 (3397 turns).

davaitedunem the Basher (Minotaur Berserker)        Turns: 3397, Time: 00:09:26

Health: -3/85      AC:  5    Str: 28    XL:     7   Next: 53%
Magic:  6/6        EV:  8    Int:  9    God:    Trog [***...]
Gold:   209        SH:  8    Dex: 10    Spells: 6/6 levels left

rFire    . . .     SeeInvis .   a - +0 mace
rCold    + . .     Gourm    .   x - +0 shield
rNeg     . . .     Faith    .   A - +0 ring mail
rPois    .         Spirit   .   (helmet restricted)
rElec    .         Reflect  .   (no cloak)
rCorr    .         Harm     .   (no gloves)
MR       ++...                  (no boots)
Stlth    ..........             (no amulet)
HPRegen  1.24/turn              v - ring of protection from cold
MPRegen  0.10/turn              u - +5 ring of intelligence

@: berserking, regenerating, very quick
A: retaliatory headbutt, horns 2
a: Berserk, Trog's Hand, Renounce Religion


You were on level 5 of the Dungeon.
You worshipped Trog.
Trog was most pleased with you.
You were very hungry.

You visited 1 branch of the dungeon, and saw 5 of its levels.

You collected 209 gold pieces.

Inventory:

Hand Weapons
 a - a +0 mace (weapon)
Armour
 b - a +0 animal skin
 x - a +0 shield (worn)
 A - a +0 ring mail (worn)
Jewellery
 s - an uncursed ring of magical power
 u - a +5 ring of intelligence (right hand)
 v - a ring of protection from cold (left hand)
Wands
 q - a wand of random effects (38)
Scrolls
 d - 4 scrolls of remove curse {unknown}
 i - 2 scrolls of teleportation {unknown}
 j - 5 scrolls of identify {unknown}
 l - a scroll of blinking {unknown}
 m - a scroll of immolation {unknown}
 p - 2 scrolls of magic mapping {unknown}
 t - 3 scrolls of random uselessness {unknown}
 w - a scroll of enchant weapon {unknown}
 y - a scroll of enchant armour {unknown}
 z - a scroll of amnesia {unknown}
Potions
 e - a potion of agility {unknown}
 f - 2 potions of brilliance {unknown}
 g - a potion of flight {unknown}
 h - a potion of haste {unknown}
 k - a potion of heal wounds {unknown}
 n - a potion of might {unknown}
 o - 4 potions of curing {unknown}
 r - 2 potions of cancellation {unknown}
Comestibles
 c - 6 rations


   Skills:
 - Level 3.6 Fighting
 + Level 10.6 Maces & Flails
 - Level 2.4 Armour
 - Level 2.1 Dodging


You had 6 spell levels left.
You didn't know any spells.
Your spell library was empty.

Dungeon Overview and Level Annotations

Branches:
Dungeon (5/15)
 Temple: D:4-7

Altars:
Elyvilon
Hepliaklqana
Makhleb
Okawaru
Qazlal
Xom


Innate Abilities, Weirdness & Mutations

You reflexively headbutt those who attack you in melee.
You have a pair of horns on your head.


Message History

* * * LOW HITPOINT WARNING * * *
The orc closely misses you. You block the orc's attack.
You sock the orc!
You kill the orc!
Trog accepts your kill. Something hits you but does no damage.
Your shield prevents you from hitting the orc.
Your headbutt misses the orc. The orc misses you.
The orc hits you with a +0 dagger.
* * * LOW HITPOINT WARNING * * *
You sock the orc!
You feel the power of Trog in you as your rage grows.
You kill the orc!
Trog accepts your kill. Something hits you but does no damage.
The orc closely misses you.
You completely miss something. Your headbutt misses something.
You hear some strange, mumbled words.
A puff of flame appears from out of thin air!
The puff of flame hits you!
You die...

##... ....# ##....###
..[.#..
#.....$.##.......
#..............#
##..........##
###.!.......#
##...o......##
#..{)..##...#
#..@).##...... .#
#....##...##....#
##...#...## #...###
##[......# ....#.
#......#.### ##......
#.......#...###.......
#.............<.......
#..#..................
##.##...#.......##....


You could see an orc.

Vanquished Creatures
  A water moccasin (D:5)
  An ogre (D:5)
  A scorpion (D:4)
  The ghost of Sassenached the Skirmisher, a weakling DsWn (D:3)
  A howler monkey (D:4)
  A hound (D:4)
  A bullfrog skeleton (D:4)
  Ijyb (D:5)
  2 iguanas
  An orc wizard (D:3)
  5 worker ants
  A hound skeleton (D:4)
  A worker ant zombie (D:5)
  8 adders
  2 worms (D:2)
  2 dart slugs
  2 leopard geckos (D:2)
  8 orcs
  5 giant cockroaches
  8 goblins
  6 hobgoblins
  3 jackals (D:4)
  A ball python (D:1)
  6 bats
  6 frilled lizards
  4 kobolds
  10 rats
  A butterfly (D:3)
90 creatures vanquished.

Notes
Turn   | Place    | Note
-------+----------+-------------------------------------------
     0 | D:1      | davaitedunem the Minotaur Berserker began the quest for the
                  | Orb.
     0 | D:1      | Reached XP level 1. HP: 19/19 MP: 0/0
    95 | D:1      | Reached skill level 4 in Maces & Flails
   149 | D:1      | Reached XP level 2. HP: 23/26 MP: 1/1
   368 | D:2      | Reached skill level 5 in Maces & Flails
   369 | D:2      | Reached ** piety under Trog
   371 | D:2      | Reached XP level 3. HP: 24/31 MP: 2/2
   385 | D:2      | Found a burning altar of Makhleb.
  1151 | D:2      | Reached XP level 4. HP: 38/39 MP: 3/3
  1152 | D:2      | Reached skill level 6 in Maces & Flails
  1533 | D:3      | Found a white marble altar of Elyvilon.
  1697 | D:3      | Reached skill level 7 in Maces & Flails
  1697 | D:3      | Reached XP level 5. HP: 28/45 MP: 4/4
  1855 | D:3      | Found a shimmering altar of Xom.
  1886 | D:3      | Found a runed translucent door.
  1886 | D:3      | Noticed Sassenached's ghost (weakling DsWn)
  1895 | D:3      | Killed Sassenached's ghost
  2379 | D:4      | Reached skill level 8 in Maces & Flails
  2379 | D:4      | Reached XP level 6. HP: 18/51 MP: 5/5
  2514 | D:4      | Reached skill level 9 in Maces & Flails
  2545 | D:4      | Reached *** piety under Trog
  2785 | D:4      | Found a hazy altar of Hepliaklqana.
  2785 | D:4      | Found a stormy altar of Qazlal.
  3007 | D:4      | Found an iron altar of Okawaru.
  3014 | D:4      | Reached XP level 7. HP: 57/57 MP: 6/6
  3160 | D:5      | Entered Level 5 of the Dungeon
  3161 | D:5      | Noticed Ijyb
  3164 | D:5      | Reached skill level 10 in Maces & Flails
  3175 | D:5      | Killed Ijyb
  3397 | D:5      | Killed from afar by an orc wizard

Skill      XL: |  1  2  3  4  5  6  7 |
---------------+----------------------+-----
Maces & Flails | 4 5 7 8 9 10 | 10.6
Fighting       | |  3.6
Armour         | |  2.4
Dodging        | |  2.1

Action                   |  1- 3 |  4- 6 |  7- 9 || total
-------------------------+-------+-------+-------++-------
Melee: Mace              |    62 |   120 |    29 ||   211
       Headbutt          |    11 |    13 |     6 ||    30
Invok: Trog's Hand       |       |     4 |     1 ||     5
       Berserk           |       |     2 |     1 ||     3
 Stab: Sleeping          |     1 |     2 |       ||     3
  Eat: Chunk             |     1 |     8 |     2 ||    11
Armor: Animal skin       |    12 |    17 |     1 ||    30
       Ring mail         |       |       |     2 ||     2
Dodge: Dodged            |    35 |    73 |    13 ||   121
Block: Shield            |       |     1 |    13 ||    14
